AoeStats
← die trying

Arabia

506866738Analyzed
1v1 RM · 16d ago on Sep 15, 2026· 20m 0s· 2 players
Game mode
Random Map
Map size
Tiny (2 player)
Population
200
Speed
Normal
Resources
Standard
Victory
Conquest
Starting age
Dark Age
Ending age
Imperial Age
RankedLock teamsTeams togetherTeam positionsShared explorationLock speedFull tech treeHidden civsTurbo modeCheats
Victory
Defeat
🇨🇱 Mongols · Chile
1860
+20
🇧🇷 Mongols · Brazil
1960
-20
die trying
5:58 Loom
8:24 Feudal Age
8:28 Man-at-Arms
12:32 Fletching
15:38 Double-Bit Axe
18:00 Padded Archer Armor
SupeR_Hulkito
5:34 Loom
8:28 Feudal Age
10:03 Double-Bit Axe
14:35 Fletching
Connection lost

Rejoining the realm…

Still unreachable

The connection could not be restored.

Session expired

The server has moved on; the page needs a fresh start.